 Dungeon Crawl Stone Soup version 0.32-a0-360-gcd93b57 (webtiles) character file.

Game seed: 3207698259294622811

352 Anonymous1 the Covert (level 6, -11/36 HPs)
             Began as a Kobold Brigand on Feb 18, 2024.
             Mangled by Menkaure (18 damage)
             ... on level 4 of the Dungeon.
             The game lasted 00:06:52 (3643 turns).

Anonymous1 the Covert (Kobold Brigand)              Turns: 3643, Time: 00:06:52

Health: -11/36     AC:  6    Str:  8 (9)  XL:     6   Next: 93%
Magic:  8/8        EV: 15    Int: 10 (12) God:
Gold:   133        SH:  0    Dex: 17 (18) Spells: 7/8 levels left

rFire   + . .        a - +2 dagger (vamp)
rCold   . . .        (no shield)
rNeg    . . .        i - +1 robe "Mocuci" {Rampage Archmagi}
rPois   .            (no helmet)
rElec   .            c - +0 cloak
rCorr   .            k - +1 pair of gloves
SInv    .            (no boots)
Will    .....        (no amulet)
Stlth   +++++        t - ring of protection from fire
HPRegen 0.26/turn    (no ring)
MPRegen 0.11/turn

%: rampage, archmagi
@: attractive
A: small, no large weapons, nightstalker 3
a: no special abilities


You were on level 4 of the Dungeon.
You visited 1 branch of the dungeon, and saw 4 of its levels.

You collected 133 gold pieces.

Inventory:

Hand Weapons
 a - a +2 vampiric dagger (weapon)
 u - a +2 whip of electrocution
Missiles
 d - 18 poisoned darts (quivered)
 e - 3 curare-tipped darts
Armour
 c - a +0 cloak (worn)
 i - the +1 robe "Mocuci" (worn) {Rampage Archmagi}
   (You found it on level 2 of the Dungeon)

   Rampage:   It bestows one free step when moving towards enemies.
   Archmagi:  It increases the power of your magical spells.
 k - a +1 pair of gloves (worn)
Jewellery
 t - a ring of protection from fire (left hand)
Wands
 n - a wand of polymorph (11)
 q - a wand of roots (5)
Scrolls
 f - a scroll of silence
 g - 2 scrolls of fear
 h - a scroll of immolation
 l - a scroll of revelation
 m - a scroll of vulnerability {unknown}
 o - a scroll of teleportation {unknown}
 r - a scroll of blinking
 s - a scroll of brand weapon
Potions
 j - 2 potions of attraction
 p - a potion of degeneration


   Skills:
 + Level 2.8 Fighting
 + Level 4.3 Short Blades
 - Level 2.1 Throwing
 + Level 2.5 Dodging
 + Level 8.7 Stealth
 - Level 1.5 Spellcasting
 * Level 1.3 Evocations


You had 7 spell levels left.
You knew the following spells:

 Your Spells              Type           Power      Damage    Failure   Level
A - Apportation           Tloc           2%         N/A       32%         1

Your spell library contained the following spells:

 Spells                   Type           Power      Damage    Failure   Level
 Magic Dart               Conj           4%         1d3       32%         1
 Jinxbite                 Hex            2%         N/A       45%         2
 Searing Ray              Conj           2%         2d4       45%         2
 Static Discharge         Conj/Air       2%         3-4/arc   45%         2
 Dazzling Flash           Conj/Hex       2%         N/A       69%         3
 Volatile Blastmotes      Fire/Tloc      2%         2d10      69%         3
 Airstrike                Air            0%         2d(1-17)  97%         4
 Fulminant Prism          Conj/Alch      0%         3d5       97%         4
 Summon Lightning Spire   Summ/Air       1%         N/A       97%         4
 Alistair's Intoxication  Alch           0%         N/A       100%        5
 Starburst                Conj/Fire      0%         6d3       100%        6
 Maxwell's Capacitive Co  Air            0%         ∞         100%        8


Dungeon Overview and Level Annotations

Branches:
Dungeon (4/15)
 Temple: D:4-7

Altars:
Makhleb
Ru
Uskayaw

Annotations:
D:4 Menkaure


Innate Abilities, Weirdness & Mutations

You are small and have problems with some larger weapons.
You are completely attuned to the shadows.


Message History

Your body is wracked with pain!
It was a potion of attraction.
You feel attractive to monsters. Menkaure hits you.
It was a potion of degeneration.
There was something very wrong with that liquid.
You feel weakened.
You feel dopey.
You feel clumsy. Menkaure barely misses you.
You hit Menkaure.
Menkaure is lightly damaged.
You hit Menkaure.
Menkaure is moderately damaged.
Menkaure points at you and mumbles some strange words.
Pain shoots through your body!
* * * LOW HITPOINT WARNING * * *
Blink to where?
Press: ? - help, Dir - move target
As you read the scroll labelled GARAIG WOTA, it crumbles to dust.
It was a scroll of blinking.
Menkaure is attracted toward you.
As you read the scroll labelled MEOTZU ASUNOOJ, it crumbles to dust.
It is a scroll of brand weapon.
Your +2 dagger thirsts for the lives of mortals!
a - a +2 vampiric dagger (weapon)
Menkaure calls on the powers of darkness!
Your body is wracked with pain!
* * * LOW HITPOINT WARNING * * *
Okay, then.
You hit Menkaure but do no damage.
Menkaure is moderately damaged.
You hit Menkaure.
Menkaure is moderately damaged.
Menkaure shrieks, "Why can't you leave me to my rest?"
Menkaure closely misses you.
You hit Menkaure.
Menkaure is moderately damaged.
You hit Menkaure.
Menkaure is heavily damaged.
Menkaure hits you!!
Ouch! That really hurt!
You die...

#.......
##################.......
.....................###+
.....................#...
.....................#...
.....................#...
.....................#...
.......M.............#...
..
........@............#...
...
....................#'##
...
....#############......
... . #...........#......
... #...........'......
... #...........#..[...
... #...........#......
... #...).......#......
... #############......


You could see Menkaure.

Vanquished Creatures
  A lemure (D:4)
  A bullfrog (D:4)
  A scorpion (D:4)
  A hound (D:3)
  An orc wizard (D:4)
  2 iguanas (D:4)
  3 adders (D:4)
  A ribbon worm (D:3)
  2 dart slugs
  3 orcs (D:4)
  4 ball pythons
  8 endoplasms
  2 giant cockroaches
  4 goblins
  A hobgoblin (D:2)
  2 quokkas (D:1)
  5 bats
  5 frilled lizards
  7 kobolds
  2 rats
56 creatures vanquished.

Notes
Turn   | Place    | Note
-------+----------+-------------------------------------------
     0 | D:1      | Anonymous1 the Kobold Brigand began the quest for the Orb.
     0 | D:1      | Reached XP level 1. HP: 12/12 MP: 1/1
   119 | D:1      | Found a faded altar of an unknown god.
   196 | D:1      | Reached XP level 2. HP: 17/17 MP: 2/2
   199 | D:1      | Reached skill level 6 in Stealth
   370 | D:1      | Reached XP level 3. HP: 21/21 MP: 3/3
  1105 | D:2      | Identified the +1 robe "Mocuci" {Rampage Archmagi}
  1145 | D:2      | Learned a level 1 spell: Apportation
  1932 | D:3      | Reached XP level 4. HP: 26/26 MP: 4/4
  2135 | D:3      | Found a burning altar of Makhleb.
  2149 | D:3      | Reached skill level 7 in Stealth
  2462 | D:3      | Found a hide-covered altar of Uskayaw.
  2501 | D:3      | Reached XP level 5. HP: 27/30 MP: 4/6
  2966 | D:4      | Reached skill level 1 in Spellcasting
  2986 | D:4      | Found a sacrificial altar of Ru.
  3012 | D:4      | Reached skill level 8 in Stealth
  3242 | D:4      | Reached XP level 6. HP: 19/36 MP: 8/8
  3523 | D:4      | Noticed Pikel
  3524 | D:4      | Pikel changed into Pikel the bullfrog
  3524 | D:4      | Noticed Pikel
  3536 | D:4      | Killed Pikel the bullfrog
  3537 | D:4      | Reached skill level 1 in Evocations
  3630 | D:4      | Noticed Menkaure
  3643 | D:4      | Mangled by Menkaure

Illustrated notes

Levels and vault maps discovered:
D:1:      dpeg_arrival_arbitrary_a, layout_loops_cross,
          dreamdust_ecumenical_altar_angels_and_demons, nicolae_the_louvre
D:2:      layout_basic
D:3:      layout_loops_cross, mainiacjoe_overflow_surrounded_room,
          bloody_makhleb, serial_forest, infiniplex_forest_lined_corner,
          infiniplex_forest_straight_2, infiniplex_forest_straight_2,
          infiniplex_forest_3_way, infiniplex_forest_end_3,
          infiniplex_forest_clump_double, infiniplex_forest_clump_tiny,
          chequers_jeans
D:4:      layout_gridville, nicolae_ru_great_annihilating_truth,
          jmf_multi_god_temple2, st_stairs_14, minmay_pentangle,
          uniq_crazy_yiuf_cottage, uniq_pikel, uniq_menkaure

Skill      XL: |  1  2  3  4  5  6 |
---------------+-------------------+-----
Stealth        | 6 7 8 |  8.7
Short Blades   | 3 4 |  4.3
Spellcasting   | 1 |  1.5
Dodging        | 2 |  2.5
Evocations     | 1 |  1.3
Fighting       | |  2.8
Throwing       | |  2.1

Action                     |  1- 3 |  4- 6 || total
---------------------------+-------+-------++-------
  Melee: Dagger            |    48 |   151 ||   199
  Throw: Dart              |     1 |    11 ||    12
  Evoke: Wand              |       |     7 ||     7
    Use: Scroll            |     2 |     6 ||     8
         Potion            |       |     3 ||     3
   Stab: Sleeping          |    19 |    15 ||    34
 Armour: Robe              |    16 |    50 ||    66
  Dodge: Dodged            |    16 |    76 ||    92

Table legend: (Time is in decaauts)
 A = Elapsed time spent in this place.
 B = Non-inter-level travel time spent in this place.
 C = Inter-level travel time spent in this place.
 D = Time resting spent in this place.
 E = Time spent auto-exploring this place.
 F = Levels seen in this place.
 G = Mean time per level.
                   A        B        C        D        E       F      G
               +--------+--------+--------+--------+--------+-----+--------+
         Total |   3605 |   3493 |    112 |    237 |   2748 |   4 |  901.2 |
       Dungeon |   3605 |   3493 |    112 |    237 |   2748 |   4 |  901.2 |
               +--------+--------+--------+--------+--------+-----+--------+

Top non-repeatable levels by time:
     D:2: 978 daAuts
     D:1: 932 daAuts
     D:3: 922 daAuts
     D:4: 771 daAuts
